[ AOE2 MATCH · #477012748 ]
UnrankedMongols vs Tupi
[ REPLAY ANALYSIS · EXTRACTED FROM THE RECORDED GAME ]
Feudal
10:08
Castle
13:53
Imperial
—
| APM avg | 24.4 |
| APM peak | 72 |
| eAPM avg | 14.6 |
| Villagers / military | 128 / 8 |
Focus
⚔️ 26.4% · 🌾 73.6%
Mangonel ×6 · Monk ×2
Feudal
12:14
Castle
19:32
Imperial
38:13
| APM avg | 25.8 |
| APM peak | 57 |
| eAPM avg | 15.2 |
| Villagers / military | 174 / 14 |
Focus
⚔️ 29.2% · 🌾 70.8%
Unknown (2550) ×158 · Unknown (2579) ×77 · Battering Ram ×9 · Monk ×5
Feudal
10:58
Castle
15:18
Imperial
37:58
| APM avg | 24.6 |
| APM peak | 75 |
| eAPM avg | 15.4 |
| Villagers / military | 131 / 52 |
Focus
⚔️ 26.2% · 🌾 73.8%
Mangudai ×33 · Mangonel ×15 · Battering Ram ×4
Feudal
11:24
Castle
15:57
Imperial
33:19
| APM avg | 27.4 |
| APM peak | 62 |
| eAPM avg | 16.2 |
| Villagers / military | 99 / 91 |
Focus
⚔️ 23.1% · 🌾 76.9%
Cavalry Archer ×85 · Scorpion ×4 · Janissary ×1 · Bombard Cannon ×1
Feudal
10:22
Castle
19:45
Imperial
35:38
| APM avg | 25.7 |
| APM peak | 62 |
| eAPM avg | 12.7 |
| Villagers / military | 97 / 101 |
Focus
⚔️ 28.3% · 🌾 71.7%
Knight ×93 · Monk ×5 · Scout Cavalry ×3
Feudal
11:11
Castle
16:26
Imperial
33:18
| APM avg | 10.0 |
| APM peak | 42 |
| eAPM avg | 9.1 |
| Villagers / military | 98 / 4 |
Focus
⚔️ 36.6% · 🌾 63.4%
Unknown (2579) ×21 · Unknown (2550) ×13 · Trebuchet (Packed) ×4
Feudal
10:55
Castle
14:41
Imperial
35:59
| APM avg | 27.3 |
| APM peak | 74 |
| eAPM avg | 15.8 |
| Villagers / military | 147 / 56 |
Focus
⚔️ 21.0% · 🌾 79.0%
Spearman ×36 · Longbowman ×17 · Trebuchet (Packed) ×3
Feudal
11:00
Castle
15:05
Imperial
35:12
| APM avg | 41.3 |
| APM peak | 76 |
| eAPM avg | 19.4 |
| Villagers / military | 123 / 93 |
Focus
⚔️ 35.5% · 🌾 64.5%
Arambai ×41 · Knight ×30 · Battle Elephant ×13 · Scout Cavalry ×7 · Trebuchet (Packed) ×2
Match map
Initial resources + every placement click. Lines = walls · curves = elevation contours. ◆ gold · ⬟ stone · ● berries · ✦ relic · ◌ wall gap
Your base· ✓ Closed at 13:53 · 0t walls · 2 gate(s)
freedom ir's base· ✓ Closed at 19:32 · 0t walls · 3 gate(s)
frickman's base· ✓ Closed at 15:18 · 0t walls · 3 gate(s)
Darkwarrior's base· ✓ Closed at 15:57 · 0t walls · 3 gate(s)
LaPythieDeDelphes's base· ✓ Closed at 19:45 · 0t walls · 2 gate(s)
orb.blue's base· ✓ Closed at 16:26 · 18t walls · 3 gate(s)
皮南's base· ✓ Closed at 14:41 · 0t walls · 3 gate(s)
风间妙男子's base· ✓ Closed at 15:05 · 0t walls · 2 gate(s)
Smoothed initial terrain · ◌ = detected wall gap · hover for details
Inputs per minute
— roggan - - freedom ir
Build order — roggan
First 150 of 213 actions detected
| 0:02 | Create | Villager (Male) |
| 0:02 | Create | Villager (Male) |
| 0:02 | Create | Villager (Male) |
| 0:02 | Create | Villager (Male) |
| 0:03 | Build | House |
| 0:05 | Build | House |
| 1:24 | Create | Villager (Male) |
| 1:24 | Create | Villager (Male) |
| 1:45 | Create | Villager (Male) |
| 2:00 | Build | Lumber Camp |
| 2:17 | Create | Villager (Male) |
| 2:43 | Create | Villager (Male) |
| 2:44 | Create | Villager (Male) |
| 3:07 | Create | Villager (Male) |
| 3:11 | Create | Villager (Male) |
| 3:11 | Create | Villager (Male) |
| 3:28 | Build | House |
| 3:38 | Create | Villager (Male) |
| 3:38 | Create | Villager (Male) |
| 3:39 | Create | Villager (Male) |
| 3:46 | Build | House |
| 3:47 | Build | House |
| 4:21 | Create | Villager (Male) |
| 4:21 | Create | Villager (Male) |
| 4:36 | Build | House |
| 4:40 | Create | Villager (Male) |
| 5:08 | Create | Villager (Male) |
| 5:09 | Create | Villager (Male) |
| 5:09 | Create | Villager (Male) |
| 5:09 | Create | Villager (Male) |
| 5:17 | Build | Mill |
| 5:33 | Create | Villager (Male) |
| 6:55 | Create | Villager (Male) |
| 7:36 | Build | Farm |
| 7:45 | Build | Mining Camp |
| 7:58 | Research | Feudal Age |
| 8:44 | Create | Villager (Male) |
| 10:03 | Create | Villager (Male) |
| 10:08 | Age | Feudal Age |
| 10:15 | Build | Blacksmith |
| 10:18 | Build | Market |
| 10:29 | Research | Double-Bit Axe |
| 11:13 | Research | Castle Age |
| 11:13 | Research | Castle Age |
| 11:13 | Research | Castle Age |
| 11:28 | Research | Horse Collar |
| 11:57 | Build | Farm |
| 13:05 | Create | Villager (Male) |
| 13:06 | Create | Villager (Male) |
| 13:53 | Age | Castle Age |
| 13:58 | Build | Town Center |
| 14:00 | Build | Town Center |
| 14:03 | Research | Bow Saw |
| 14:03 | Research | Bow Saw |
| 14:09 | Build | Monastery |
| 14:20 | Create | Villager (Male) |
| 14:25 | Build | Farm |
| 14:39 | Build | House |
| 14:51 | Build | Farm |
| 14:53 | Create | Villager (Male) |
| 15:03 | Build | Farm |
| 15:08 | Create | Monk |
| 15:19 | Create | Villager (Male) |
| 15:36 | Build | Farm |
| 15:37 | Create | Villager (Male) |
| 15:43 | Build | Farm |
| 15:58 | Create | Villager (Male) |
| 15:58 | Create | Villager (Male) |
| 16:01 | Build | Farm |
| 16:11 | Build | Stone Wall |
| 16:17 | Build | Stone Wall |
| 16:30 | Create | Villager (Male) |
| 16:30 | Create | Villager (Male) |
| 16:39 | Create | Villager (Male) |
| 16:39 | Create | Villager (Male) |
| 16:43 | Research | Loom |
| 16:44 | Research | Loom |
| 16:49 | Build | Farm |
| 16:50 | Build | Farm |
| 17:00 | Build | Farm |
| 17:01 | Create | Villager (Male) |
| 17:01 | Create | Villager (Male) |
| 17:11 | Build | Stone Wall |
| 17:16 | Build | Stone Wall |
| 17:21 | Create | Villager (Male) |
| 17:21 | Create | Villager (Male) |
| 17:28 | Build | Siege Workshop |
| 17:36 | Build | Farm |
| 17:38 | Build | Farm |
| 17:48 | Create | Villager (Male) |
| 17:49 | Create | Villager (Male) |
| 17:49 | Create | Villager (Male) |
| 17:57 | Build | Stone Wall |
| 17:59 | Create | Villager (Male) |
| 18:00 | Create | Villager (Male) |
| 18:14 | Build | Stone Wall |
| 18:17 | Create | Mangonel |
| 18:18 | Create | Villager (Male) |
| 18:18 | Create | Villager (Male) |
| 18:24 | Build | Stone Wall |
| 18:27 | Build | Farm |
| 18:29 | Create | Villager (Male) |
| 18:29 | Create | Villager (Male) |
| 18:44 | Create | Villager (Male) |
| 18:45 | Create | Villager (Male) |
| 18:47 | Build | Stone Wall |
| 18:51 | Build | Gate |
| 18:53 | Create | Villager (Male) |
| 18:53 | Create | Villager (Male) |
| 18:53 | Create | Villager (Male) |
| 19:05 | Build | Stone Wall |
| 19:13 | Create | Villager (Male) |
| 19:14 | Create | Villager (Male) |
| 19:18 | Build | Gate |
| 19:42 | Create | Villager (Male) |
| 19:43 | Create | Villager (Male) |
| 19:56 | Create | Villager (Male) |
| 19:56 | Create | Villager (Male) |
| 20:00 | Create | Mangonel |
| 20:05 | Create | Villager (Male) |
| 20:05 | Create | Villager (Male) |
| 20:06 | Create | Villager (Male) |
| 20:15 | Build | Farm |
| 20:16 | Build | Farm |
| 20:23 | Create | Villager (Male) |
| 20:23 | Create | Villager (Male) |
| 20:29 | Create | Villager (Male) |
| 20:29 | Create | Villager (Male) |
| 20:34 | Create | Villager (Male) |
| 20:35 | Create | Villager (Male) |
| 21:08 | Create | Villager (Male) |
| 21:08 | Create | Villager (Male) |
| 21:09 | Create | Villager (Male) |
| 21:09 | Create | Villager (Male) |
| 21:17 | Create | Mangonel |
| 21:22 | Build | House |
| 21:22 | Build | House |
| 21:23 | Build | House |
| 21:23 | Build | House |
| 21:23 | Build | House |
| 21:39 | Create | Villager (Male) |
| 22:07 | Create | Villager (Male) |
| 22:07 | Create | Villager (Male) |
| 22:11 | Build | House |
| 22:11 | Build | House |
| 22:12 | Build | House |
| 22:43 | Create | Villager (Male) |
| 22:44 | Create | Villager (Male) |
| 22:44 | Create | Villager (Male) |
| 22:52 | Create | Villager (Male) |
Build order — freedom ir
First 150 of 304 actions detected
| 0:03 | Create | Villager (Male) ×4 |
| 0:03 | Create | Villager (Male) ×4 |
| 0:05 | Build | House |
| 0:11 | Build | Barracks |
| 1:09 | Create | Villager (Male) |
| 1:12 | Create | Unit 2550 |
| 1:14 | Create | Villager (Male) |
| 1:14 | Create | Villager (Male) |
| 1:28 | Build | House |
| 1:42 | Create | Villager (Male) |
| 1:43 | Create | Villager (Male) |
| 2:25 | Create | Villager (Male) |
| 3:05 | Create | Villager (Male) |
| 3:06 | Create | Villager (Male) |
| 3:06 | Create | Villager (Male) |
| 3:23 | Create | Villager (Male) |
| 3:23 | Create | Villager (Male) |
| 3:47 | Create | Villager (Male) |
| 3:47 | Create | Villager (Male) |
| 4:24 | Create | Villager (Male) |
| 4:24 | Create | Villager (Male) |
| 5:10 | Create | Villager (Male) ×3 |
| 5:11 | Create | Villager (Male) ×3 |
| 5:14 | Build | House |
| 5:16 | Build | House |
| 5:31 | Create | Villager (Male) |
| 5:31 | Create | Villager (Male) |
| 6:39 | Create | Villager (Male) |
| 6:39 | Create | Villager (Male) |
| 6:54 | Create | Unit 2550 |
| 6:54 | Create | Unit 2550 |
| 7:28 | Build | Settlement |
| 7:32 | Create | Villager (Male) |
| 7:33 | Create | Villager (Male) |
| 7:33 | Create | Villager (Male) |
| 7:33 | Create | Villager (Male) |
| 8:30 | Create | Villager (Male) |
| 8:31 | Create | Villager (Male) |
| 9:13 | Build | House |
| 10:01 | Research | Feudal Age |
| 10:15 | Create | Unit 2550 |
| 10:15 | Create | Unit 2550 |
| 10:19 | Create | Unit 2550 |
| 10:19 | Create | Unit 2550 |
| 10:28 | Build | Settlement |
| 10:42 | Build | Farm |
| 10:43 | Build | Farm |
| 10:43 | Build | Farm |
| 10:43 | Build | Farm |
| 12:12 | Build | Farm |
| 12:13 | Build | Farm |
| 12:13 | Build | Farm |
| 12:14 | Build | Farm |
| 12:14 | Age | Feudal Age |
| 12:22 | Create | Villager (Male) |
| 12:22 | Create | Villager (Male) |
| 12:45 | Research | Double-Bit Axe |
| 12:45 | Research | Double-Bit Axe |
| 12:46 | Research | Double-Bit Axe |
| 13:06 | Research | Tech 1402 |
| 13:09 | Create | Villager (Male) |
| 13:10 | Create | Villager (Male) |
| 13:17 | Research | Horse Collar |
| 13:35 | Research | Loom |
| 13:36 | Research | Wheelbarrow |
| 13:40 | Create | Villager (Male) |
| 13:49 | Research | Gold Mining |
| 14:28 | Create | Villager (Male) |
| 14:28 | Create | Villager (Male) |
| 14:56 | Build | Market |
| 15:02 | Create | Villager (Male) |
| 15:16 | Build | Blacksmith |
| 16:14 | Build | Farm |
| 16:25 | Build | Farm |
| 16:27 | Build | Farm |
| 16:32 | Build | Farm |
| 16:32 | Build | Farm |
| 16:32 | Build | Farm |
| 16:52 | Research | Castle Age |
| 16:52 | Research | Castle Age |
| 17:10 | Build | Settlement |
| 17:36 | Build | Barracks |
| 17:54 | Build | Farm |
| 17:55 | Build | Farm |
| 18:38 | Research | Arson |
| 18:38 | Research | Arson |
| 18:41 | Research | Scale Mail Armor |
| 18:41 | Research | Forging |
| 19:03 | Build | Barracks |
| 19:32 | Age | Castle Age |
| 19:40 | Build | Town Center |
| 19:44 | Research | Wheelbarrow |
| 19:45 | Research | Town Watch |
| 19:59 | Research | Tech 1351 |
| 20:17 | Create | Unit 2550 ×2 |
| 20:18 | Create | Unit 2550 ×2 |
| 20:31 | Create | Unit 2550 |
| 20:31 | Create | Unit 2550 |
| 20:47 | Build | Farm |
| 20:47 | Build | Farm |
| 20:49 | Build | Farm |
| 20:49 | Build | Farm |
| 21:05 | Create | Villager (Male) ×2 |
| 21:05 | Create | Villager (Male) ×2 |
| 21:46 | Create | Villager (Male) ×4 |
| 21:46 | Create | Villager (Male) ×4 |
| 22:20 | Create | Villager (Male) ×3 |
| 22:21 | Create | Villager (Male) ×3 |
| 22:25 | Create | Unit 2550 |
| 22:25 | Create | Unit 2550 |
| 22:43 | Build | Monastery |
| 23:19 | Build | Farm |
| 23:21 | Research | Heavy Plow |
| 23:27 | Create | Villager (Male) ×4 |
| 23:28 | Create | Villager (Male) ×4 |
| 23:39 | Create | Monk |
| 23:39 | Create | Monk |
| 24:05 | Build | House |
| 24:06 | Build | House |
| 24:09 | Build | House |
| 24:12 | Build | House |
| 24:13 | Build | House |
| 24:34 | Build | Town Center |
| 24:49 | Build | Stone Wall |
| 24:52 | Build | Gate |
| 25:04 | Create | Villager (Male) ×5 |
| 25:04 | Create | Villager (Male) ×5 |
| 25:04 | Create | Villager (Male) ×5 |
| 25:04 | Create | Villager (Male) ×2 |
| 25:57 | Create | Monk ×3 |
| 26:06 | Research | Bow Saw |
| 26:31 | Build | Castle |
| 26:44 | Create | Villager (Male) |
| 26:44 | Create | Villager (Male) |
| 26:54 | Research | Stone Mining |
| 26:54 | Research | Stone Mining |
| 27:05 | Research | Hand Cart |
| 27:09 | Research | Gold Shaft Mining |
| 27:10 | Research | Gold Shaft Mining |
| 27:16 | Build | Settlement |
| 27:17 | Build | Farm |
| 27:17 | Build | Farm |
| 27:17 | Build | Farm |
| 27:18 | Build | Farm |
| 27:18 | Build | Farm |
| 27:18 | Build | Farm |
| 27:19 | Build | Farm |
| 27:19 | Build | Farm |
| 27:58 | Create | Unit 2550 ×5 |
| 27:59 | Create | Unit 2550 ×5 |
Build order — frickman
First 150 of 265 actions detected
| 0:03 | Create | Villager (Male) |
| 0:03 | Create | Villager (Male) |
| 0:03 | Create | Villager (Male) |
| 0:03 | Create | Villager (Male) |
| 0:06 | Build | House |
| 0:07 | Build | House |
| 0:14 | Build | House |
| 1:37 | Create | Villager (Male) |
| 1:37 | Create | Villager (Male) |
| 1:56 | Build | Lumber Camp |
| 2:21 | Create | Villager (Male) |
| 2:21 | Create | Villager (Male) |
| 2:56 | Create | Villager (Male) |
| 2:56 | Create | Villager (Male) |
| 3:34 | Create | Villager (Male) |
| 4:13 | Create | Villager (Male) |
| 4:13 | Create | Villager (Male) |
| 4:34 | Build | House |
| 4:35 | Create | Villager (Male) |
| 4:39 | Build | House |
| 4:50 | Create | Villager (Male) |
| 4:50 | Create | Villager (Male) |
| 4:52 | Build | Mill |
| 5:27 | Create | Villager (Male) |
| 5:58 | Create | Villager (Male) |
| 6:31 | Create | Villager (Male) |
| 6:31 | Create | Villager (Male) |
| 7:00 | Build | Mining Camp |
| 7:01 | Create | Villager (Male) |
| 8:07 | Create | Villager (Male) |
| 8:12 | Research | Feudal Age |
| 8:30 | Build | Mining Camp |
| 9:08 | Create | Villager (Male) |
| 9:09 | Create | Villager (Male) |
| 9:38 | Build | House |
| 10:58 | Age | Feudal Age |
| 11:15 | Create | Villager (Male) |
| 11:20 | Build | Market |
| 11:25 | Build | Blacksmith |
| 11:26 | Create | Villager (Male) |
| 12:00 | Research | Double-Bit Axe |
| 12:27 | Research | Castle Age |
| 12:39 | Build | Farm |
| 12:39 | Build | Farm |
| 12:40 | Build | Farm |
| 12:48 | Build | Farm |
| 13:06 | Build | Farm |
| 13:09 | Build | Farm |
| 13:27 | Research | Loom |
| 13:48 | Build | Farm |
| 13:55 | Build | Farm |
| 14:00 | Build | House |
| 14:04 | Build | Farm |
| 15:18 | Age | Castle Age |
| 15:35 | Research | Horse Collar |
| 15:37 | Research | Bow Saw |
| 15:39 | Create | Villager (Male) |
| 15:39 | Create | Villager (Male) |
| 15:52 | Build | Castle |
| 16:11 | Research | Fletching |
| 16:36 | Create | Villager (Male) |
| 16:36 | Create | Villager (Male) |
| 16:54 | Research | Bodkin Arrow |
| 17:05 | Build | Siege Workshop |
| 17:09 | Build | Mining Camp |
| 17:10 | Create | Mangudai |
| 17:11 | Create | Mangudai |
| 17:28 | Create | Villager (Male) |
| 17:28 | Create | Villager (Male) |
| 17:28 | Create | Villager (Male) |
| 17:54 | Create | Mangudai |
| 17:54 | Create | Mangudai |
| 18:06 | Create | Battering Ram |
| 18:22 | Create | Villager (Male) |
| 18:22 | Create | Villager (Male) |
| 18:38 | Create | Mangudai |
| 18:38 | Create | Mangudai |
| 18:53 | Create | Mangudai |
| 18:56 | Create | Villager (Male) |
| 18:56 | Create | Villager (Male) |
| 19:05 | Create | Mangudai |
| 19:33 | Create | Mangudai |
| 19:33 | Create | Mangudai |
| 19:55 | Research | Gold Mining |
| 20:12 | Create | Mangudai |
| 20:33 | Create | Mangudai |
| 20:34 | Create | Mangudai |
| 21:11 | Create | Mangonel |
| 21:14 | Create | Villager (Male) |
| 21:14 | Create | Villager (Male) |
| 21:14 | Create | Villager (Male) |
| 21:15 | Create | Villager (Male) |
| 21:15 | Create | Villager (Male) |
| 21:15 | Create | Villager (Male) |
| 21:22 | Create | Villager (Male) |
| 21:23 | Build | Farm |
| 21:24 | Build | Farm |
| 21:24 | Build | Farm |
| 22:05 | Create | Mangudai |
| 22:05 | Create | Mangudai |
| 22:28 | Build | Mining Camp |
| 23:01 | Create | Mangudai |
| 23:01 | Create | Mangudai |
| 23:45 | Create | Mangonel |
| 23:47 | Create | Villager (Male) ×5 |
| 23:50 | Build | Farm |
| 23:50 | Build | Farm |
| 23:50 | Build | Farm |
| 23:50 | Build | Farm |
| 23:51 | Build | Farm |
| 23:51 | Build | Farm |
| 23:59 | Create | Mangonel |
| 24:37 | Build | Farm |
| 24:39 | Build | Farm |
| 24:42 | Research | Heavy Plow |
| 24:43 | Create | Villager (Male) |
| 24:43 | Create | Villager (Male) |
| 25:27 | Create | Mangonel |
| 25:27 | Create | Mangonel |
| 25:34 | Build | Farm |
| 25:35 | Build | Farm |
| 25:36 | Create | Villager (Male) ×5 |
| 25:37 | Create | Villager (Male) ×5 |
| 25:43 | Build | House |
| 25:44 | Build | House |
| 25:44 | Build | House |
| 25:44 | Build | House |
| 25:44 | Build | House |
| 25:45 | Build | House |
| 26:34 | Create | Mangudai |
| 26:34 | Create | Mangudai |
| 26:34 | Create | Mangudai |
| 27:05 | Create | Mangudai |
| 27:09 | Research | Padded Archer Armor |
| 27:13 | Build | Lumber Camp |
| 28:00 | Create | Mangudai |
| 28:02 | Create | Mangonel |
| 28:02 | Create | Mangonel |
| 28:06 | Build | House |
| 28:15 | Create | Villager (Male) ×5 |
| 28:21 | Build | Lumber Camp |
| 28:41 | Build | House |
| 28:44 | Build | House |
| 28:47 | Create | Villager (Male) |
| 28:47 | Create | Villager (Male) |
| 29:30 | Create | Mangudai |
| 29:30 | Create | Mangudai |
| 29:33 | Create | Mangonel |
| 29:46 | Create | Mangonel |
| 30:04 | Create | Mangudai |
Build order — Darkwarrior
First 150 of 316 actions detected
| 0:02 | Create | Villager (Male) |
| 0:02 | Create | Villager (Male) |
| 0:02 | Create | Villager (Male) |
| 0:03 | Build | House |
| 0:05 | Build | House |
| 1:17 | Create | Villager (Male) |
| 1:43 | Create | Villager (Male) |
| 2:10 | Create | Villager (Male) |
| 2:10 | Create | Villager (Male) |
| 2:10 | Create | Villager (Male) |
| 2:17 | Build | Lumber Camp |
| 2:31 | Create | Villager (Male) |
| 2:31 | Create | Villager (Male) |
| 3:00 | Create | Villager (Male) |
| 3:00 | Create | Villager (Male) |
| 3:01 | Create | Villager (Male) |
| 3:01 | Create | Villager (Male) |
| 3:06 | Build | House |
| 4:36 | Create | Villager (Male) |
| 4:36 | Create | Villager (Male) |
| 4:37 | Create | Villager (Male) |
| 4:37 | Create | Villager (Male) |
| 4:37 | Create | Villager (Male) |
| 6:00 | Build | Mill |
| 6:19 | Create | Villager (Male) |
| 6:19 | Create | Villager (Male) |
| 6:19 | Create | Villager (Male) |
| 6:27 | Build | House |
| 6:43 | Create | Villager (Male) |
| 7:10 | Create | Villager (Male) |
| 8:11 | Create | Villager (Male) |
| 8:30 | Build | Farm |
| 8:43 | Create | Villager (Male) |
| 8:56 | Research | Feudal Age |
| 9:01 | Build | Farm |
| 9:22 | Build | Farm |
| 10:18 | Build | House |
| 10:57 | Build | Mining Camp |
| 11:24 | Age | Feudal Age |
| 11:24 | Create | Villager (Male) |
| 11:29 | Build | Market |
| 11:45 | Create | Villager (Male) |
| 11:54 | Build | Blacksmith |
| 12:58 | Research | Double-Bit Axe |
| 12:58 | Research | Double-Bit Axe |
| 12:59 | Research | Double-Bit Axe |
| 13:02 | Create | Villager (Male) |
| 13:03 | Create | Villager (Male) |
| 13:03 | Create | Villager (Male) |
| 13:03 | Create | Villager (Male) |
| 13:04 | Create | Villager (Male) |
| 13:04 | Create | Villager (Male) |
| 13:04 | Create | Villager (Male) |
| 13:05 | Create | Villager (Male) |
| 13:17 | Research | Castle Age |
| 13:17 | Research | Castle Age |
| 13:17 | Research | Castle Age |
| 14:04 | Build | Barracks |
| 15:12 | Create | Villager (Male) |
| 15:23 | Build | House |
| 15:30 | Build | Archery Range |
| 15:47 | Research | Fletching |
| 15:57 | Age | Castle Age |
| 16:02 | Create | Villager (Male) |
| 16:02 | Create | Villager (Male) |
| 16:07 | Build | Town Center |
| 16:28 | Create | Cavalry Archer |
| 16:28 | Create | Cavalry Archer |
| 16:28 | Create | Cavalry Archer |
| 16:30 | Create | Cavalry Archer |
| 16:37 | Research | Bow Saw |
| 16:47 | Build | House |
| 16:48 | Build | House |
| 17:00 | Create | Cavalry Archer |
| 17:15 | Create | Villager (Male) |
| 17:23 | Create | Villager (Male) |
| 17:31 | Build | House |
| 17:40 | Create | Villager (Male) |
| 17:43 | Build | Farm |
| 17:45 | Create | Villager (Male) |
| 17:51 | Build | Farm |
| 17:52 | Build | Farm |
| 17:54 | Build | Farm |
| 17:59 | Build | Farm |
| 18:00 | Build | Farm |
| 18:05 | Create | Villager (Male) |
| 18:06 | Create | Villager (Male) |
| 18:38 | Create | Cavalry Archer |
| 18:43 | Build | Farm |
| 18:45 | Build | Farm |
| 18:46 | Build | Farm |
| 18:46 | Create | Villager (Male) |
| 19:01 | Create | Cavalry Archer |
| 20:31 | Create | Cavalry Archer |
| 20:31 | Create | Cavalry Archer |
| 20:48 | Research | Padded Archer Armor |
| 20:49 | Create | Villager (Male) |
| 20:49 | Create | Villager (Male) |
| 20:50 | Create | Villager (Male) |
| 20:50 | Create | Villager (Male) |
| 20:50 | Create | Villager (Male) |
| 20:51 | Create | Villager (Male) |
| 20:53 | Build | Farm |
| 20:58 | Create | Cavalry Archer |
| 20:58 | Create | Cavalry Archer |
| 21:33 | Create | Villager (Male) |
| 21:35 | Build | Farm |
| 21:39 | Build | Archery Range |
| 21:39 | Build | Archery Range |
| 21:43 | Create | Villager (Male) |
| 21:50 | Create | Cavalry Archer |
| 21:50 | Create | Cavalry Archer |
| 22:02 | Create | Villager (Male) |
| 22:04 | Build | Farm |
| 22:15 | Research | Bodkin Arrow |
| 22:16 | Research | Bodkin Arrow |
| 22:17 | Create | Villager (Male) |
| 22:18 | Create | Villager (Male) |
| 22:20 | Build | Farm |
| 22:27 | Build | University |
| 22:36 | Create | Cavalry Archer |
| 22:37 | Create | Cavalry Archer |
| 23:05 | Create | Cavalry Archer |
| 23:06 | Create | Cavalry Archer |
| 23:06 | Create | Cavalry Archer |
| 23:11 | Build | Farm |
| 23:15 | Create | Villager (Male) |
| 23:15 | Create | Villager (Male) |
| 23:15 | Create | Villager (Male) |
| 23:16 | Create | Villager (Male) |
| 23:16 | Create | Villager (Male) |
| 23:22 | Build | House |
| 23:22 | Build | House |
| 23:22 | Build | House |
| 23:22 | Build | House |
| 23:22 | Build | House |
| 24:10 | Create | Cavalry Archer |
| 24:10 | Create | Cavalry Archer |
| 24:15 | Create | Cavalry Archer |
| 24:23 | Create | Villager (Male) |
| 24:23 | Create | Villager (Male) |
| 24:23 | Create | Villager (Male) |
| 24:24 | Create | Villager (Male) |
| 24:29 | Build | House |
| 24:30 | Build | House |
| 24:30 | Build | House |
| 24:30 | Build | House |
| 24:33 | Build | Lumber Camp |
| 24:47 | Create | Villager (Male) |
| 24:50 | Create | Villager (Male) |
Build order — LaPythieDeDelphes
First 150 of 342 actions detected
| 0:01 | Create | Villager (Male) |
| 0:01 | Create | Villager (Male) |
| 0:02 | Create | Villager (Male) |
| 0:02 | Create | Villager (Male) |
| 0:03 | Build | House |
| 0:04 | Build | House |
| 0:43 | Create | Villager (Male) |
| 1:01 | Create | Villager (Male) |
| 1:28 | Build | Lumber Camp |
| 1:39 | Create | Villager (Male) |
| 2:05 | Create | Villager (Male) |
| 3:09 | Build | House |
| 3:30 | Create | Villager (Male) |
| 3:30 | Create | Villager (Male) |
| 3:53 | Build | Mill |
| 4:01 | Create | Villager (Male) |
| 4:02 | Create | Villager (Male) |
| 4:02 | Create | Villager (Male) |
| 4:10 | Create | Villager (Male) |
| 4:20 | Build | House |
| 4:49 | Create | Villager (Male) |
| 5:25 | Create | Villager (Male) |
| 6:10 | Create | Villager (Male) |
| 6:42 | Create | Villager (Male) |
| 6:51 | Build | House |
| 7:08 | Create | Villager (Male) |
| 7:43 | Research | Loom |
| 7:49 | Research | Feudal Age |
| 8:28 | Build | Barracks |
| 9:17 | Build | Farm |
| 9:18 | Build | Farm |
| 10:06 | Build | House |
| 10:22 | Age | Feudal Age |
| 10:33 | Create | Villager (Male) |
| 10:33 | Create | Villager (Male) |
| 10:33 | Create | Villager (Male) |
| 10:37 | Research | Double-Bit Axe |
| 10:47 | Build | Stable |
| 10:53 | Build | House |
| 10:56 | Build | House |
| 11:18 | Build | Farm |
| 11:27 | Build | Farm |
| 11:32 | Create | Scout Cavalry |
| 11:33 | Create | Scout Cavalry |
| 11:40 | Create | Scout Cavalry |
| 11:44 | Create | Villager (Male) |
| 11:50 | Build | Farm |
| 12:00 | Build | Farm |
| 12:14 | Create | Villager (Male) |
| 12:21 | Build | Farm |
| 12:32 | Build | Farm |
| 12:37 | Build | Farm |
| 12:39 | Create | Villager (Male) |
| 12:40 | Create | Villager (Male) |
| 13:01 | Build | Farm |
| 13:06 | Build | Farm |
| 13:10 | Create | Villager (Male) |
| 13:27 | Build | Farm |
| 13:32 | Build | Farm |
| 13:37 | Create | Villager (Male) |
| 13:48 | Create | Villager (Male) |
| 14:03 | Build | Blacksmith |
| 14:37 | Build | Mining Camp |
| 14:40 | Research | Forging |
| 14:42 | Create | Villager (Male) |
| 15:06 | Create | Villager (Male) |
| 15:09 | Build | Farm |
| 15:14 | Build | Farm |
| 15:17 | Build | Farm |
| 15:35 | Create | Villager (Male) |
| 15:41 | Build | Farm |
| 15:43 | Build | Farm |
| 15:49 | Create | Villager (Male) |
| 16:07 | Build | Farm |
| 16:31 | Create | Villager (Male) |
| 16:40 | Build | Farm |
| 16:49 | Build | Farm |
| 16:54 | Build | Farm |
| 17:05 | Research | Castle Age |
| 17:26 | Research | Horse Collar |
| 17:28 | Research | Gold Mining |
| 18:14 | Build | Market |
| 18:18 | Build | House |
| 18:59 | Research | Scale Barding Armor |
| 19:45 | Age | Castle Age |
| 20:00 | Create | Knight |
| 20:02 | Create | Knight |
| 20:14 | Build | Town Center |
| 20:18 | Create | Villager (Male) |
| 20:18 | Create | Villager (Male) |
| 20:18 | Create | Villager (Male) |
| 20:27 | Create | Knight |
| 20:29 | Create | Knight |
| 20:45 | Build | Monastery |
| 21:25 | Research | Bow Saw |
| 21:27 | Create | Villager (Male) |
| 21:28 | Create | Villager (Male) |
| 21:31 | Create | Villager (Male) |
| 21:34 | Create | Knight |
| 21:44 | Create | Monk |
| 21:59 | Create | Villager (Male) |
| 22:00 | Create | Villager (Male) |
| 22:01 | Research | Town Watch |
| 22:18 | Create | Villager (Male) |
| 22:22 | Build | Farm |
| 22:27 | Build | House |
| 22:30 | Build | House |
| 22:32 | Build | House |
| 22:33 | Build | House |
| 22:35 | Build | House |
| 24:02 | Create | Villager (Male) |
| 24:03 | Create | Villager (Male) |
| 24:05 | Create | Villager (Male) |
| 24:05 | Create | Villager (Male) |
| 24:07 | Create | Knight |
| 24:08 | Create | Knight |
| 24:14 | Build | Stable |
| 24:20 | Build | Stable |
| 24:25 | Create | Villager (Male) |
| 24:25 | Create | Villager (Male) |
| 24:31 | Build | Town Center |
| 24:38 | Research | Heavy Plow |
| 24:40 | Create | Villager (Male) |
| 24:43 | Create | Knight |
| 25:09 | Create | Villager (Male) |
| 25:11 | Research | Wheelbarrow |
| 25:17 | Create | Villager (Male) |
| 25:17 | Create | Villager (Male) |
| 25:23 | Build | House |
| 25:26 | Build | House |
| 25:30 | Build | House |
| 25:32 | Build | House |
| 25:41 | Create | Monk |
| 25:47 | Research | Husbandry |
| 25:48 | Create | Knight |
| 25:49 | Create | Knight |
| 26:11 | Create | Knight |
| 26:15 | Create | Villager (Male) |
| 26:16 | Create | Villager (Male) |
| 26:17 | Create | Villager (Male) |
| 26:22 | Build | Farm |
| 26:24 | Build | Farm |
| 26:26 | Build | Farm |
| 26:28 | Build | Farm |
| 26:34 | Create | Villager (Male) |
| 26:34 | Create | Villager (Male) |
| 26:34 | Create | Villager (Male) |
| 26:54 | Build | Mining Camp |
| 26:57 | Research | Stone Mining |
| 26:59 | Create | Knight |
Build order — orb.blue
First 150 of 218 actions detected
| 0:04 | Research | Loom |
| 0:04 | Create | Villager (Male) |
| 0:05 | Create | Villager (Male) |
| 0:05 | Create | Villager (Male) |
| 0:05 | Create | Villager (Male) |
| 0:05 | Create | Villager (Male) |
| 0:13 | Build | House |
| 0:53 | Build | House |
| 0:58 | Build | House |
| 1:47 | Create | Villager (Male) |
| 2:00 | Build | House |
| 2:20 | Create | Villager (Male) |
| 2:33 | Build | Settlement |
| 2:38 | Create | Villager (Male) |
| 3:25 | Create | Villager (Male) |
| 3:31 | Create | Villager (Male) |
| 3:54 | Create | Villager (Male) |
| 4:22 | Create | Villager (Male) |
| 4:43 | Create | Villager (Male) |
| 5:02 | Create | Villager (Male) |
| 5:13 | Create | Villager (Male) |
| 5:33 | Create | Villager (Male) |
| 5:49 | Create | Villager (Male) |
| 6:01 | Build | Settlement |
| 6:57 | Create | Villager (Male) |
| 7:32 | Build | House |
| 7:36 | Build | House |
| 7:56 | Build | Palisade Wall |
| 8:04 | Create | Villager (Male) |
| 8:05 | Create | Villager (Male) |
| 8:45 | Build | Palisade Wall |
| 9:01 | Research | Feudal Age |
| 9:45 | Create | Villager (Male) |
| 9:46 | Create | Villager (Male) |
| 10:32 | Build | Barracks |
| 10:54 | Create | Villager (Male) |
| 10:58 | Create | Villager (Male) |
| 10:59 | Create | Villager (Male) |
| 11:11 | Age | Feudal Age |
| 11:23 | Build | Market |
| 11:36 | Build | Stone Wall |
| 11:52 | Build | Stone Wall |
| 11:55 | Research | Wheelbarrow |
| 11:56 | Create | Villager (Male) |
| 11:56 | Create | Villager (Male) |
| 12:17 | Create | Villager (Male) |
| 12:17 | Create | Villager (Male) |
| 12:39 | Create | Villager (Male) |
| 12:39 | Create | Villager (Male) |
| 13:12 | Build | Blacksmith |
| 13:46 | Research | Castle Age |
| 14:10 | Build | Stone Wall |
| 15:03 | Build | Gate |
| 15:16 | Build | Farm |
| 15:19 | Build | Farm |
| 15:26 | Build | Farm |
| 15:29 | Build | Farm |
| 15:33 | Build | Farm |
| 15:36 | Create | Villager (Male) |
| 15:36 | Create | Villager (Male) |
| 15:36 | Create | Villager (Male) |
| 16:01 | Research | Double-Bit Axe |
| 16:12 | Build | Farm |
| 16:26 | Age | Castle Age |
| 16:39 | Research | Horse Collar |
| 16:45 | Create | Villager (Male) |
| 17:13 | Create | Villager (Male) |
| 17:18 | Build | Farm |
| 17:43 | Create | Villager (Male) |
| 17:52 | Build | Town Center |
| 18:08 | Create | Villager (Male) |
| 18:16 | Build | Farm |
| 18:26 | Create | Villager (Male) |
| 18:37 | Build | Farm |
| 18:46 | Build | Farm |
| 18:53 | Build | Farm |
| 19:01 | Create | Villager (Male) |
| 19:11 | Build | Farm |
| 19:17 | Build | Farm |
| 19:27 | Build | Farm |
| 19:41 | Research | Wheelbarrow |
| 19:49 | Build | Farm |
| 20:03 | Create | Villager (Male) |
| 20:12 | Build | Farm |
| 20:16 | Create | Villager (Male) |
| 20:19 | Create | Villager (Male) |
| 20:28 | Build | Farm |
| 20:35 | Build | Farm |
| 20:55 | Create | Villager (Male) |
| 20:57 | Create | Villager (Male) |
| 20:57 | Create | Villager (Male) |
| 20:58 | Create | Villager (Male) |
| 21:20 | Create | Villager (Male) |
| 21:21 | Create | Villager (Male) |
| 21:21 | Create | Villager (Male) |
| 21:36 | Build | Town Center |
| 21:40 | Create | Villager (Male) |
| 21:42 | Create | Villager (Male) |
| 21:56 | Research | Arson |
| 21:57 | Research | Squires |
| 22:04 | Research | Tech 1402 |
| 22:07 | Create | Unit 2550 |
| 22:17 | Build | Farm |
| 22:22 | Create | Unit 2550 |
| 22:35 | Build | Barracks |
| 22:42 | Research | Scale Mail Armor |
| 22:46 | Create | Unit 2550 |
| 22:53 | Build | Farm |
| 22:56 | Create | Villager (Male) |
| 22:56 | Create | Villager (Male) |
| 23:11 | Build | Farm |
| 23:17 | Create | Villager (Male) |
| 23:18 | Create | Villager (Male) |
| 23:26 | Research | Forging |
| 23:28 | Create | Villager (Male) |
| 23:35 | Create | Unit 2550 |
| 23:47 | Create | Villager (Male) |
| 24:18 | Create | Villager (Male) |
| 24:18 | Create | Villager (Male) |
| 24:42 | Create | Villager (Male) |
| 24:42 | Create | Villager (Male) |
| 24:45 | Research | Hand Cart |
| 25:08 | Research | Tech 1351 |
| 25:09 | Create | Unit 2550 |
| 25:09 | Create | Unit 2550 |
| 25:29 | Build | Castle |
| 25:42 | Create | Unit 2550 |
| 25:43 | Create | Unit 2550 |
| 26:05 | Build | House |
| 26:09 | Build | House |
| 26:12 | Build | House |
| 26:17 | Create | Unit 2550 |
| 26:17 | Create | Unit 2550 |
| 27:07 | Create | Villager (Male) |
| 27:07 | Create | Villager (Male) |
| 27:07 | Create | Villager (Male) |
| 27:08 | Create | Villager (Male) |
| 27:08 | Create | Villager (Male) |
| 27:08 | Create | Villager (Male) |
| 27:08 | Create | Villager (Male) |
| 27:13 | Create | Villager (Male) |
| 27:13 | Create | Villager (Male) |
| 27:13 | Create | Villager (Male) |
| 27:13 | Create | Villager (Male) |
| 27:14 | Create | Villager (Male) |
| 27:14 | Create | Villager (Male) |
| 27:14 | Create | Villager (Male) |
| 27:27 | Build | Castle |
| 27:35 | Create | Unit 2550 |
| 27:35 | Create | Unit 2550 |
Build order — 皮南
First 150 of 269 actions detected
| 0:01 | Create | Villager (Male) |
| 0:01 | Create | Villager (Male) |
| 0:01 | Create | Villager (Male) |
| 0:03 | Build | House |
| 0:04 | Build | House |
| 0:34 | Create | Villager (Male) |
| 0:35 | Create | Villager (Male) |
| 1:27 | Create | Villager (Male) |
| 1:53 | Build | Lumber Camp |
| 1:55 | Create | Villager (Male) |
| 2:23 | Create | Villager (Male) |
| 2:23 | Create | Villager (Male) |
| 2:38 | Create | Villager (Male) |
| 2:38 | Create | Villager (Male) |
| 3:17 | Create | Villager (Male) |
| 3:28 | Build | House |
| 3:47 | Create | Villager (Male) |
| 4:03 | Build | Mill |
| 4:07 | Create | Villager (Male) |
| 4:08 | Create | Villager (Male) |
| 4:08 | Create | Villager (Male) |
| 5:22 | Create | Villager (Male) |
| 5:22 | Create | Villager (Male) |
| 5:58 | Create | Villager (Male) |
| 6:07 | Create | Villager (Male) |
| 6:24 | Build | House |
| 7:05 | Create | Villager (Male) |
| 7:05 | Create | Villager (Male) |
| 7:06 | Create | Villager (Male) |
| 7:31 | Build | Farm |
| 7:43 | Create | Villager (Male) |
| 8:17 | Create | Villager (Male) |
| 8:30 | Create | Villager (Male) |
| 8:42 | Research | Feudal Age |
| 9:03 | Build | House |
| 9:44 | Create | Villager (Male) |
| 9:45 | Create | Villager (Male) |
| 10:14 | Build | Farm |
| 10:37 | Build | Farm |
| 10:39 | Build | Farm |
| 10:55 | Age | Feudal Age |
| 10:56 | Build | Farm |
| 11:02 | Build | Market |
| 11:09 | Build | Blacksmith |
| 12:01 | Research | Castle Age |
| 12:01 | Research | Castle Age |
| 12:56 | Build | Lumber Camp |
| 13:05 | Create | Villager (Male) |
| 13:05 | Create | Villager (Male) |
| 13:18 | Build | House |
| 13:20 | Build | House |
| 13:54 | Build | House |
| 14:20 | Research | Double-Bit Axe |
| 14:25 | Research | Horse Collar |
| 14:41 | Age | Castle Age |
| 14:54 | Build | Town Center |
| 15:08 | Build | Town Center |
| 15:18 | Create | Villager (Male) |
| 15:18 | Create | Villager (Male) |
| 15:23 | Build | Farm |
| 15:24 | Build | Farm |
| 15:49 | Build | House |
| 15:53 | Build | Farm |
| 15:55 | Create | Villager (Male) |
| 16:11 | Build | Farm |
| 16:15 | Build | Farm |
| 16:16 | Build | Farm |
| 16:19 | Build | Farm |
| 16:20 | Build | Farm |
| 16:22 | Create | Villager (Male) |
| 16:22 | Create | Villager (Male) |
| 16:22 | Create | Villager (Male) |
| 16:33 | Build | Farm |
| 16:36 | Build | Farm |
| 16:38 | Build | Farm |
| 16:39 | Build | Farm |
| 16:40 | Create | Villager (Male) |
| 16:40 | Create | Villager (Male) |
| 16:40 | Create | Villager (Male) |
| 16:44 | Create | Villager (Male) |
| 16:53 | Build | Farm |
| 17:04 | Build | House |
| 17:07 | Create | Villager (Male) |
| 17:21 | Create | Villager (Male) |
| 17:34 | Build | Farm |
| 17:35 | Build | Farm |
| 17:41 | Build | Farm |
| 17:44 | Build | Farm |
| 17:50 | Create | Villager (Male) ×4 |
| 18:03 | Create | Villager (Male) |
| 18:08 | Build | Farm |
| 18:10 | Build | Farm |
| 18:16 | Build | House |
| 18:18 | Build | House |
| 18:22 | Create | Villager (Male) ×3 |
| 18:49 | Build | Mining Camp |
| 18:53 | Create | Villager (Male) |
| 18:55 | Create | Villager (Male) ×3 |
| 19:09 | Create | Villager (Male) ×2 |
| 19:27 | Build | Barracks |
| 19:32 | Create | Villager (Male) ×4 |
| 19:50 | Build | Farm |
| 19:53 | Build | Mill |
| 19:58 | Build | Farm |
| 19:58 | Build | Farm |
| 20:06 | Create | Villager (Male) ×5 |
| 20:19 | Build | Farm |
| 20:20 | Build | Farm |
| 20:22 | Build | Farm |
| 20:33 | Build | House |
| 20:37 | Create | Villager (Male) ×4 |
| 20:43 | Build | Farm |
| 21:18 | Build | House |
| 21:19 | Build | House |
| 21:27 | Build | Monastery |
| 21:31 | Build | House |
| 21:44 | Create | Villager (Male) ×5 |
| 21:54 | Build | Farm |
| 22:09 | Create | Villager (Male) ×5 |
| 22:23 | Build | University |
| 22:31 | Build | House |
| 22:36 | Create | Villager (Male) ×5 |
| 22:50 | Build | Lumber Camp |
| 23:01 | Create | Villager (Male) ×5 |
| 23:33 | Create | Villager (Male) ×5 |
| 23:57 | Build | Castle |
| 24:14 | Create | Villager (Male) ×5 |
| 24:35 | Create | Villager (Male) ×5 |
| 24:47 | Build | House |
| 24:54 | Build | House |
| 25:04 | Build | House |
| 25:15 | Build | Palisade Wall |
| 25:44 | Build | Castle |
| 25:57 | Build | House |
| 26:07 | Build | House |
| 26:22 | Create | Villager (Male) ×5 |
| 26:26 | Research | Wheelbarrow |
| 26:26 | Research | Wheelbarrow |
| 26:34 | Research | Loom |
| 26:35 | Research | Town Watch |
| 26:36 | Create | Villager (Male) ×5 |
| 26:45 | Build | Lumber Camp |
| 26:47 | Create | Longbowman |
| 26:47 | Create | Longbowman |
| 26:48 | Create | Longbowman |
| 26:48 | Create | Longbowman |
| 27:00 | Create | Villager (Male) ×5 |
| 27:19 | Research | Fletching |
| 27:22 | Create | Longbowman |
| 27:22 | Create | Longbowman |
Build order — 风间妙男子
First 150 of 357 actions detected
| 0:02 | Build | House |
| 0:05 | Build | House |
| 0:05 | Create | Villager (Male) |
| 0:05 | Create | Villager (Male) |
| 0:06 | Create | Villager (Male) |
| 0:06 | Create | Villager (Male) |
| 0:06 | Create | Villager (Male) |
| 1:23 | Build | Lumber Camp |
| 1:28 | Create | Villager (Male) |
| 2:28 | Create | Villager (Male) |
| 2:28 | Create | Villager (Male) |
| 2:28 | Create | Villager (Male) |
| 3:01 | Create | Villager (Male) |
| 3:01 | Create | Villager (Male) |
| 3:17 | Create | Villager (Male) |
| 3:17 | Create | Villager (Male) |
| 3:35 | Build | Mill |
| 3:54 | Create | Villager (Male) |
| 4:05 | Create | Villager (Male) |
| 4:05 | Create | Villager (Male) |
| 4:21 | Build | House |
| 4:22 | Build | House |
| 4:58 | Create | Villager (Male) |
| 5:13 | Create | Villager (Male) |
| 5:13 | Create | Villager (Male) |
| 5:51 | Create | Villager (Male) |
| 6:24 | Create | Villager (Male) |
| 6:24 | Create | Villager (Male) |
| 6:24 | Create | Villager (Male) |
| 6:58 | Create | Villager (Male) |
| 6:58 | Create | Villager (Male) |
| 7:33 | Create | Villager (Male) |
| 8:12 | Build | Mining Camp |
| 8:50 | Research | Feudal Age |
| 10:12 | Create | Villager (Male) |
| 10:12 | Create | Villager (Male) |
| 10:35 | Build | Mining Camp |
| 11:00 | Age | Feudal Age |
| 11:06 | Build | Market |
| 11:53 | Build | Blacksmith |
| 12:00 | Create | Villager (Male) |
| 12:01 | Create | Villager (Male) |
| 12:06 | Build | House |
| 12:25 | Research | Castle Age |
| 12:25 | Research | Castle Age |
| 13:12 | Create | Villager (Male) |
| 13:12 | Create | Villager (Male) |
| 13:19 | Build | Farm |
| 13:19 | Build | Farm |
| 13:35 | Research | Horse Collar |
| 14:06 | Build | Farm |
| 14:07 | Build | Farm |
| 14:08 | Build | Farm |
| 14:08 | Build | Farm |
| 14:09 | Build | Farm |
| 14:24 | Create | Villager (Male) |
| 15:05 | Age | Castle Age |
| 15:07 | Build | Castle |
| 15:16 | Create | Villager (Male) |
| 15:59 | Create | Arambai |
| 15:59 | Create | Arambai |
| 15:59 | Create | Arambai |
| 16:24 | Build | House |
| 16:28 | Build | Farm |
| 16:28 | Build | Farm |
| 16:45 | Create | Villager (Male) |
| 16:53 | Build | Farm |
| 16:53 | Build | Farm |
| 17:16 | Build | Farm |
| 17:16 | Build | Farm |
| 17:28 | Create | Arambai |
| 17:28 | Create | Arambai |
| 17:45 | Build | Farm |
| 17:47 | Create | Villager (Male) |
| 17:47 | Create | Villager (Male) |
| 18:02 | Build | Farm |
| 18:02 | Build | Farm |
| 18:15 | Research | Fletching |
| 18:19 | Create | Arambai |
| 18:19 | Create | Arambai |
| 18:40 | Create | Villager (Male) |
| 18:44 | Create | Villager (Male) |
| 18:44 | Create | Villager (Male) |
| 19:10 | Research | Gold Mining |
| 19:21 | Build | Farm |
| 19:22 | Build | Farm |
| 19:26 | Create | Arambai |
| 19:26 | Create | Arambai |
| 19:37 | Build | Farm |
| 19:41 | Build | House |
| 19:44 | Build | House |
| 19:49 | Build | House |
| 19:59 | Research | Scale Barding Armor |
| 20:07 | Create | Arambai |
| 20:07 | Create | Arambai |
| 20:24 | Research | Heavy Plow |
| 20:24 | Research | Heavy Plow |
| 20:51 | Create | Arambai |
| 20:56 | Create | Villager (Male) |
| 20:56 | Create | Villager (Male) |
| 21:00 | Create | Villager (Male) |
| 21:07 | Create | Arambai |
| 21:07 | Create | Arambai |
| 21:34 | Create | Arambai |
| 21:34 | Create | Arambai |
| 22:15 | Create | Arambai |
| 22:15 | Create | Arambai |
| 22:15 | Create | Arambai |
| 22:28 | Research | Gold Shaft Mining |
| 22:29 | Create | Villager (Male) |
| 22:29 | Create | Villager (Male) |
| 22:30 | Create | Villager (Male) |
| 22:42 | Create | Arambai |
| 22:42 | Create | Arambai |
| 22:47 | Create | Villager (Male) |
| 22:47 | Create | Villager (Male) |
| 22:59 | Build | Lumber Camp |
| 23:38 | Create | Arambai |
| 23:38 | Create | Arambai |
| 23:39 | Create | Arambai |
| 24:05 | Create | Villager (Male) |
| 24:06 | Create | Villager (Male) |
| 24:12 | Create | Arambai |
| 24:15 | Research | Bodkin Arrow |
| 24:15 | Research | Bodkin Arrow |
| 24:40 | Create | Arambai |
| 24:40 | Create | Arambai |
| 24:56 | Create | Arambai |
| 25:03 | Create | Villager (Male) |
| 25:04 | Create | Villager (Male) |
| 25:38 | Research | Chain Barding Armor |
| 26:25 | Research | Stone Mining |
| 26:35 | Build | Town Center |
| 26:37 | Create | Villager (Male) |
| 26:37 | Create | Villager (Male) |
| 26:37 | Create | Villager (Male) |
| 27:10 | Research | Manipur Cavalry |
| 27:13 | Create | Arambai |
| 27:26 | Build | House |
| 27:32 | Build | House |
| 27:35 | Build | Farm |
| 27:35 | Build | Farm |
| 29:05 | Build | Town Center |
| 30:17 | Create | Villager (Male) |
| 30:17 | Create | Villager (Male) |
| 30:18 | Create | Villager (Male) |
| 30:18 | Create | Villager (Male) |
| 30:22 | Research | Wheelbarrow |
| 30:22 | Research | Loom |
| 31:08 | Build | Barracks |
Match timeline
| 0:11 | freedom ir · first_building Barracks |
| 7:56 | orb.blue · wall_segment Palisade Wall x1 |
| 8:28 | LaPythieDeDelphes · first_building Barracks |
| 8:45 | orb.blue · wall_segment Palisade Wall x2 |
| 10:08 | roggan · age_up feudal |
| 10:22 | LaPythieDeDelphes · age_up feudal |
| 10:32 | orb.blue · first_building Barracks |
| 10:47 | LaPythieDeDelphes · first_building Stable |
| 10:55 | 皮南 · age_up feudal |
| 10:58 | frickman · age_up feudal |
| 11:00 | 风间妙男子 · age_up feudal |
| 11:11 | orb.blue · age_up feudal |
| 11:24 | Darkwarrior · age_up feudal |
| 11:36 | orb.blue · wall_segment Stone Wall x1 |
| 11:52 | orb.blue · wall_segment Stone Wall x10 |
| 11:59 | 皮南 · first_market_sell 100 wood |
| 12:14 | freedom ir · age_up feudal |
| 13:53 | roggan · age_up castle |
| 14:04 | Darkwarrior · first_building Barracks |
| 14:09 | roggan · first_building Monastery |
| 14:10 | orb.blue · wall_segment Stone Wall x4 |
| 14:41 | 皮南 · age_up castle |
| 15:05 | 风间妙男子 · age_up castle |
| 15:07 | 风间妙男子 · first_building Castle |
| 15:18 | frickman · age_up castle |
| 15:30 | Darkwarrior · first_building Archery Range |
| 15:52 | frickman · first_building Castle |
| 15:57 | Darkwarrior · age_up castle |
| 16:11 | roggan · wall_segment Stone Wall x5 |
| 16:17 | roggan · wall_segment Stone Wall x7 |
| 16:26 | orb.blue · age_up castle |
| 17:05 | frickman · first_building Siege Workshop |
| 17:11 | roggan · wall_segment Stone Wall x7 |
| 17:16 | roggan · wall_segment Stone Wall x1 |
| 17:28 | roggan · first_building Siege Workshop |
| 17:57 | roggan · wall_segment Stone Wall x1 |
| 18:14 | roggan · wall_segment Stone Wall x1 |
| 18:24 | roggan · wall_segment Stone Wall x1 |
| 18:47 | roggan · wall_segment Stone Wall x1 |
| 19:05 | roggan · wall_segment Stone Wall x8 |
| 19:27 | 皮南 · first_building Barracks |
| 19:32 | freedom ir · age_up castle |
| 19:45 | LaPythieDeDelphes · age_up castle |
| 19:58 | roggan · first_market_sell 100 wood |
| 20:31 | LaPythieDeDelphes · first_market_sell 100 food |
| 20:34 | LaPythieDeDelphes · first_market_buy 100 wood |
| 20:45 | LaPythieDeDelphes · first_building Monastery |
| 21:27 | 皮南 · first_building Monastery |
| 21:47 | Darkwarrior · first_market_sell 100 wood |
| 22:13 | Darkwarrior · first_market_buy 100 food |
| 22:43 | freedom ir · first_building Monastery |
| 23:40 | 皮南 · first_market_buy 100 stone |
| 23:57 | 皮南 · first_building Castle |
| 24:49 | freedom ir · wall_segment Stone Wall x4 |
| 25:15 | 皮南 · wall_segment Palisade Wall x1 |
| 25:29 | orb.blue · first_building Castle |
| 26:20 | freedom ir · first_market_sell 100 wood |
| 26:21 | freedom ir · first_market_buy 100 stone |
| 26:31 | freedom ir · first_building Castle |
| 26:45 | orb.blue · first_market_sell 100 wood |
| 26:48 | orb.blue · first_market_buy 100 stone |
| 27:37 | 皮南 · first_building Archery Range |
| 27:55 | Darkwarrior · first_building Siege Workshop |
| 29:36 | freedom ir · first_building Siege Workshop |
| 30:16 | roggan · wall_segment Stone Wall x1 |
| 31:08 | roggan · resign |
| 31:08 | 风间妙男子 · first_building Barracks |
| 31:45 | 皮南 · wall_segment Stone Wall x1 |
| 31:57 | 风间妙男子 · first_building Stable |
| 32:19 | 皮南 · wall_segment Stone Wall x9 |
| 33:18 | orb.blue · age_up imperial |
| 33:19 | Darkwarrior · age_up imperial |
| 33:56 | 皮南 · wall_segment Stone Wall x33 |
| 35:08 | Darkwarrior · first_building Castle |
| 35:12 | 风间妙男子 · age_up imperial |
| 35:38 | LaPythieDeDelphes · age_up imperial |
| 35:58 | Darkwarrior · first_building Stable |
| 35:59 | 皮南 · age_up imperial |
| 36:14 | frickman · first_building Barracks |
| 36:56 | LaPythieDeDelphes · wall_segment Stone Wall x15 |
| 37:04 | LaPythieDeDelphes · wall_segment Stone Wall x12 |
| 37:30 | frickman · first_building Stable |
| 37:33 | frickman · first_building Archery Range |
| 37:37 | Darkwarrior · wall_segment Stone Wall x1 |
| 37:57 | Darkwarrior · wall_segment Stone Wall x3 |
| 37:58 | frickman · age_up imperial |
| 37:58 | Darkwarrior · wall_segment Stone Wall x1 |
| 37:58 | Darkwarrior · wall_segment Stone Wall x1 |
| 37:58 | Darkwarrior · wall_segment Stone Wall x2 |
| 37:58 | Darkwarrior · wall_segment Stone Wall x2 |
| 37:59 | Darkwarrior · wall_segment Stone Wall x2 |
| 37:59 | Darkwarrior · wall_segment Stone Wall x3 |
| 37:59 | Darkwarrior · wall_segment Stone Wall x2 |
| 38:00 | Darkwarrior · wall_segment Stone Wall x1 |
| 38:13 | freedom ir · age_up imperial |
| 43:04 | 皮南 · tribute_sent a jugador 1 |
| 43:04 | 皮南 · tribute_sent a jugador 2 |
| 43:04 | 皮南 · tribute_sent a jugador 3 |
| 43:04 | 皮南 · tribute_sent a jugador 4 |
| 43:04 | 皮南 · tribute_sent a jugador 5 |
| 43:04 | 皮南 · tribute_sent a jugador 6 |
| 43:04 | 皮南 · tribute_sent a jugador 8 |
| 46:51 | LaPythieDeDelphes · first_building Castle |
[ AI ANALYSIS · 1 CREDIT ]
What really happened in this match?
Wolo.gg analyzes every decision: build order, eco, micro, common mistakes by bracket. Personalized analysis on WhatsApp or Discord in 30 seconds.
Civ guide
Mongols
Perfil
Signal&Command to me=mute&report